AoeStats
← audi

Lombardia

508482895Analyzed
2v2 RM · 10d ago on Sep 22, 2026· 48m 1s· 4 players
Game mode
Random Map
Map size
Medium (4 player)
Population
200
Speed
Normal
Resources
Standard
Victory
Conquest
Starting age
Dark Age
Ending age
Imperial Age
RankedLock teamsTeams togetherTeam positionsShared explorationLock speedFull tech treeHidden civsTurbo modeCheats
Victory
Defeat
🇹🇷 Teutons · Türkiye
1110
+14
🇷🇺 Turks · Russia
1062
+16
🇩🇪 Random · Germany
1143
-18
🇩🇪 Random · Germany
997
-12
Mitwisser_
7:18 Loom
10:14 Feudal Age
11:13 Double-Bit Axe
12:17 Horse Collar
20:53 Castle Age
20:20 Scale Mail Armor
20:12 Fletching
20:23 Stone Mining
25:59 Chain Mail Armor
25:56 Forging
25:55 Heavy Plow
26:45 Bow Saw
27:27 Squires
29:15 Iron Casting
33:05 Gold Mining
37:19 Imperial Age
37:41 Wheelbarrow
38:09 Shield Wall
39:49 Bodkin Arrow
40:41 Elite Hearth Troop
42:23 Plate Mail Armor
41:57 Bracer
46:02 Padded Archer Armor
Strafexpedition
6:06 Loom
8:59 Feudal Age
9:06 Man-at-Arms
10:39 Arson
12:21 Double-Bit Axe
16:18 Horse Collar
19:18 Castle Age
18:37 Gold Mining
18:56 Scale Mail Armor
20:31 Wheelbarrow
20:20 Gambesons
22:37 Hand Cart
23:17 Bow Saw
23:25 Squires
24:40 Horse Collar
26:36 Chain Mail Armor
27:40 Forging
27:59 Gambesons
30:17 Heavy Plow
32:21 Gold Shaft Mining
32:55 Stone Mining
35:59 Imperial Age
34:13 Squires
36:07 Onager
37:51 Chemistry
36:58 Town Watch
38:20 Stone Shaft Mining
37:35 Siege Onager
40:09 Siege Engineers
41:03 Plate Mail Armor
41:08 Iron Casting
40:57 Caravan
41:35 Conscription
44:01 Blast Furnace
43:48 Masonry
audi
2:57 Loom
11:18 Feudal Age
12:42 Double-Bit Axe
15:22 Fletching
16:03 Padded Archer Armor
16:15 Horse Collar
19:35 Castle Age
19:42 Wheelbarrow
20:48 Bow Saw
21:39 Scale Mail Armor
22:47 Ballistics
22:24 Town Watch
24:19 Heavy Plow
25:21 Leather Archer Armor
25:52 Bodkin Arrow
26:22 Forging
27:29 Hand Cart
27:34 Crossbowman
34:22 Imperial Age
32:31 Chain Mail Armor
31:41 Man-at-Arms
33:09 Long Swordsman
34:29 Scale Barding Armor
36:38 Hoardings
36:56 Crop Rotation
38:05 Two-Man Saw
37:31 Gold Mining
37:45 Squires
41:39 Elite Skirmisher
42:58 Two-Handed Swordsman
44:56 Plate Mail Armor
46:16 Iron Casting
45:34 Gambesons
46:01 Town Patrol
不溫柔的人
7:26 Loom
10:08 Feudal Age
16:14 Castle Age
14:03 Double-Bit Axe
22:06 Horse Collar
23:31 Bow Saw
25:52 Wheelbarrow
25:35 Gold Mining
28:53 Padded Archer Armor
29:57 Hand Cart
29:50 Heavy Plow
33:20 Imperial Age
32:12 Gold Shaft Mining
31:27 Stone Mining
34:25 Ballistics
33:58 Fletching
34:23 Leather Archer Armor
34:15 Scale Barding Armor
34:24 Town Watch
34:54 Murder Holes
35:46 Conscription
34:48 Elite Janissary
37:35 Two-Man Saw
36:36 Bodkin Arrow
38:48 Artillery
38:52 Bracer
39:48 Town Patrol
40:21 Ring Archer Armor
44:55 Sipahi
Connection lost

Rejoining the realm…

Still unreachable

The connection could not be restored.

Session expired

The server has moved on; the page needs a fresh start.